 Dungeon Crawl Stone Soup version 0.19.5 (webtiles) character file.

3761 ghjk the Cleaver (level 9, -3/79 HPs)
             Began as a Minotaur Fighter on Apr 24, 2017.
             Was an Initiate of Okawaru.
             Killed from afar by Erica (20 damage)
             ... with a bolt of poison
             ... on level 8 of the Dungeon.
             The game lasted 00:12:09 (7601 turns).

ghjk the Cleaver (Minotaur Fighter)                 Turns: 7601, Time: 00:12:09

Health: -3/79      AC: 14    Str: 24    XL:     9   Next: 94%
Magic:  8/8        EV:  6    Int:  5    God:    Okawaru [......]
Gold:   283        SH:  9    Dex: 10    Spells: 0 memorised, 8 levels left

rFire  . . .     SeeInvis .     a - +1 war axe
rCold  . . .     Gourm    .     B - +0 chain mail
rNeg   . . .     Faith    .     c - +0 shield
rPois  .         Spirit   .     (helmet restricted)
rElec  .         Reflect  .     o - +0 cloak
rCorr  +         Harm     .     n - +1 pair of gloves
MR     +....                    (no boots)
Stlth  ..........               (no amulet)
                                d - ring of resist corrosion
                                j - ring of protection from magic

@: lethally poisoned (-3 -> -15)
A: retaliatory headbutt, horns 2
a: Renounce Religion


You were on level 8 of the Dungeon.
You worshipped Okawaru.
Okawaru was noncommittal.
You were not hungry.

You visited 2 branches of the dungeon, and saw 9 of its levels.

You collected 353 gold pieces.
You spent 70 gold pieces at shops.

Inventory:

Hand Weapons
 a - a +1 war axe (weapon)
Armour
 b - a +0 scale mail
 c - a +0 shield (worn)
 n - a +1 pair of gloves (worn)
 o - a +0 cloak (worn)
 A - a +0 plate armour
 B - a +0 chain mail (worn)
Jewellery
 d - a ring of resist corrosion (right hand)
 j - a ring of protection from magic (left hand)
 u - an uncursed ring of fire
 C - an uncursed ring of wizardry
 D - an uncursed amulet of regeneration {unknown}
Wands
 p - a wand of flame (15/48)
 r - a wand of enslavement (24/24)
 x - a wand of random effects (20/48)
 E - a wand of iceblast (4/15)
 F - a wand of flame (33/48)
Scrolls
 e - 5 scrolls of enchant weapon
 h - 3 scrolls of identify
 k - 3 scrolls of remove curse
 v - a scroll of enchant armour
 y - a scroll of magic mapping
 H - a scroll of recharging
 J - a scroll of teleportation
Potions
 g - 3 potions of ambrosia
 i - a potion of heal wounds
 l - 2 potions of magic
 m - 6 potions of curing
 q - 3 potions of brilliance
 w - 3 potions of flight
 K - a potion of agility
Books
 t - the Grimoire of Harmful Flight
   (You found it on level 4 of the Dungeon)

   Spells                             Type                      Level
   a - Swiftness                      Charms/Air                   2
   b - Iskenderun's Battlesphere      Conjuration/Charms           5
   c - Iron Shot                      Conjuration/Earth            6
   d - Delayed Fireball               Conjuration/Fire             7
Comestibles
 f - 5 bread rations
 s - a meat ration
 z - a beef jerky


   Skills:
 + Level 7.2 Fighting
 * Level 13.9 Axes
 + Level 7.6 Armour
 - Level 3.6 Shields


You had 8 spell levels left.
You didn't know any spells.

Dungeon Overview and Level Annotations

Branches:
Dungeon (8/15)             Temple (1/1) D:7
   Lair: D:8-11

Altars:
Ashenzari
Cheibriados
Dithmenos
Elyvilon
Fedhas
Gozag
Hepliaklqana
Kikubaaqudgha
Makhleb
Nemelex Xobeh
Okawaru
Qazlal
Ru
Sif Muna
Trog
Uskayaw
Vehumet
Xom
Yredelemnul
Zin
The Shining One

Shops:
D:4 !   D:7 !:!

Annotations:
D:8 Erica


Innate Abilities, Weirdness & Mutations

You reflexively headbutt those who attack you in melee.
You have a pair of horns on your head.


Message History

Something burns you.
* * * LOW HITPOINT WARNING * * *
You barely miss something. Something hits you.
* * * LOW HITPOINT WARNING * * *
Something burns you.
* * * LOW HITPOINT WARNING * * *
You barely miss something. Your headbutt misses something.
You hear some strange, mumbled words.
Something tries to affect you, but you resist.
Something hits you but does no damage.
You closely miss something. You headbutt something.
You feel yourself speed up.
You feel sick. Something hits you but does no damage.
You slash something! You hit something. Your headbutt misses something.
You hear some strange, mumbled words.
A bolt of poison appears from out of thin air!
The bolt of poison hits you!
You are more poisoned.
You die...

#.........#
..........#
#.†.......#
#..†......#######
#......((.##....#
#.............#.##
#.........##.....#
#..)......###.){.#
#.........# ####@#
#.........######.#
############<....#
#######


There were no monsters in sight!

Vanquished Creatures
  A hill giant (D:7)
  Grinder (D:4)
  Sigmund (D:5)
  Eustachio (D:6)
  Edmund (D:4)
  An ice beast (D:5)
  3 orc warriors
  A sky beast (D:6)
  3 ogres
  A centaur (D:8)
  2 bullfrogs
  2 scorpions
  A killer bee (D:7)
  4 wights (D:6)
  A howler monkey (D:4)
  3 crimson imps (D:6)
  2 hounds
  2 jellies
  5 orc priests
  A centaur skeleton (D:5)
  2 iguanas (D:7)
  Natasha (thrice) (D:3)
  8 orc wizards
  8 worker ants
  A hound zombie (D:5)
  3 howler monkey skeletons
  2 worker ant zombies (D:7)
  12 gnolls
  10 adders
  A shadow imp (D:5)
  An ooze (D:3)
  An adder zombie (D:3)
  An adder skeleton (D:6)
  6 worms
  3 dart slugs
  7 leopard geckos
  30 orcs
  2 ball pythons
  3 goblins
  13 hobgoblins
  18 jackals
  4 quokkas
  10 bats
  6 frilled lizards
  11 kobolds
  5 leopard gecko skeletons
  6 rats
214 creatures vanquished.

Vanquished Creatures (others)
  A kobold (D:1)
  A plant (D:8)
2 creatures vanquished.

Grand Total: 216 creatures vanquished

Notes
Turn   | Place    | Note
-------+----------+-------------------------------------------
     0 | D:1      | ghjk the Minotaur Fighter began the quest for the Orb.
     0 | D:1      | Reached XP level 1. HP: 19/19 MP: 0/0
   186 | D:1      | Reached XP level 2. HP: 23/27 MP: 1/1
   421 | D:1      | Reached skill level 3 in Axes
   421 | D:1      | Reached XP level 3. HP: 31/33 MP: 2/2
   954 | D:2      | Reached XP level 4. HP: 35/40 MP: 3/3
  1500 | D:2      | Reached skill level 4 in Axes
  1590 | D:3      | Noticed Natasha
  1594 | D:3      | Killed Natasha
  1608 | D:3      | Noticed Natasha
  1613 | D:3      | Killed Natasha
  1613 | D:3      | Reached skill level 5 in Armour
  1613 | D:3      | Reached XP level 5. HP: 40/47 MP: 4/4
  1696 | D:3      | Reached skill level 5 in Axes
  1763 | D:3      | Noticed Natasha
  1773 | D:3      | Killed Natasha
  2072 | D:3      | Reached XP level 6. HP: 48/53 MP: 5/5
  2489 | D:4      | Found Vohiefish's Distillery.
  2512 | D:4      | Noticed Grinder
  2516 | D:4      | Reached skill level 6 in Axes
  2530 | D:4      | Paralysed by Grinder for 3 turns
  2539 | D:4      | Killed Grinder
  2539 | D:4      | Reached skill level 7 in Axes
  2539 | D:4      | Reached XP level 7. HP: 16/60 MP: 6/6
  2770 | D:4      | Reached skill level 5 in Fighting
  2770 | D:4      | Reached skill level 8 in Axes
  2774 | D:4      | Identified the Grimoire of Harmful Flight
  2927 | D:4      | Noticed Edmund
  2937 | D:4      | Killed Edmund
  3148 | D:4      | Reached skill level 9 in Axes
  3269 | D:5      | Entered Level 5 of the Dungeon
  3510 | D:5      | Noticed Sigmund
  3532 | D:5      | Killed Sigmund
  3532 | D:5      | Reached XP level 8. HP: 52/68 MP: 7/7
  3602 | D:5      | Reached skill level 10 in Axes
  4173 | D:6      | Reached skill level 11 in Axes
  4655 | D:6      | Reached skill level 12 in Axes
  4655 | D:6      | Reached XP level 9. HP: 29/75 MP: 8/8
  4897 | D:6      | You fall through a shaft for 2 floors!
  4919 | D:8      | Noticed Erica
  5117 | D:7      | Found Vibriada's Distillery.
  5217 | D:7      | Noticed a hill giant
  5248 | D:7      | Killed a hill giant
  5545 | D:7      | Found Ciggaome's Book Emporium.
  5571 | D:7      | Found Neokkap's Distillery.
  5585 | D:7      | Bought a potion of heal wounds for 70 gold pieces
  5649 | D:6      | Reached skill level 13 in Axes
  5871 | D:6      | Noticed Eustachio
  5878 | D:6      | Killed Eustachio
  6787 | D:7      | Found a staircase to the Ecumenical Temple.
  6800 | Temple   | Entered the Ecumenical Temple
  6903 | Temple   | Became a worshipper of Warmaster Okawaru
  7601 | D:8      | Killed from afar by Erica

Skill      XL: |  1  2  3  4  5  6  7  8  9 |
---------------+----------------------------+-----
Fighting       | 4 5 7 |  7.2
Armour         | 4 5 6 7 |  7.6
Axes           | 3 4 5 7 9 12 13 | 13.9
Shields        | |  3.6

Action                   |  1- 3 |  4- 6 |  7- 9 || total
-------------------------+-------+-------+-------++-------
Melee: War axe           |   101 |   132 |   343 ||   576
       Headbutt          |    14 |    30 |    58 ||   102
  Use: Scroll            |       |     8 |    10 ||    18
       Potion            |       |       |     4 ||     4
  Eat: Chunk             |       |     5 |    12 ||    17
       Fruit             |       |       |     4 ||     4
       Pizza             |       |       |     1 ||     1
Armor: Scale mail        |    70 |    61 |    68 ||   199
       Chain mail        |       |       |    47 ||    47
Dodge: Dodged            |    40 |    51 |    80 ||   171
Block: Shield            |    56 |    62 |   141 ||   259
